 Dungeon Crawl Stone Soup version 0.31.0-4-g52a2dc7128 (webtiles) character file.

Game seed: 9572656196745473080

22010 monsoonserge the Unseen (level 12, 0/60 HPs)
             Began as a Spriggan Enchanter on Jan 23, 2024.
             Was an Initiate of Gozag.
             Slain by a seven-headed hydra (1 damage)
             ... on level 4 of the Lair of Beasts.
             The game lasted 00:52:57 (16431 turns).

monsoonserge the Unseen (Spriggan Enchanter)       Turns: 16431, Time: 00:52:57

Health: 0/60       AC:  4    Str:  9    XL:     12   Next: 59%
Magic:  20/22      EV: 27    Int: 22    God:    Gozag
Gold:   3012       SH:  0    Dex: 24    Spells: 15/23 levels left

rFire   . . .        x - +8 short sword "Beywaah" {elec, Dex+3}
rCold   + . .        (no shield)
rNeg    . . .        D - +1 robe {rC+}
rPois   +            (helmet restricted)
rElec   .            Q - +0 cloak
rCorr   .            (gloves unavailable)
SInv    +            (boots unavailable)
Will    ++...        N - amulet "Ykkedoo" {Faith Str+5}
Stlth   ++++++       h - +6 ring of dexterity
HPRegen 0.30/turn    X - ring of poison resistance
MPRegen 0.18/turn

%: faith
@: very quick
A: very small, no large weapons, unfitting armour, see invisible, speed 3
a: Renounce Religion, Potion Petition, Call Merchant, Bribe Branch


You were on level 4 of the Lair of Beasts.
You worshipped Gozag.
Gozag was most pleased with you.
You visited 4 branches of the dungeon, and saw 18 of its levels.

You collected 3049 gold pieces.
You paid 37 gold pieces to Gozag.

Inventory:

Hand Weapons
 a - a +2 dagger of flaming
 x - the +8 short sword "Beywaah" (weapon) {elec, Dex+3}
   (You found it on level 4 of the Dungeon)

   Dex+3:     It affects your dexterity (+3).
Missiles
 n - 4 atropa-tipped darts
 v - 2 datura-tipped darts
 K - 30 poisoned darts (quivered)
 M - 2 throwing nets
 P - a curare-tipped dart
 T - 6 boomerangs
Armour
 D - a +1 robe of cold resistance (worn)
 Q - a +0 cloak (worn)
Magical Staves
 l - a staff of air
 Y - a staff of conjuration
Jewellery
 h - a +6 ring of dexterity (left hand)
 j - an amulet of guardian spirit
 N - the amulet "Ykkedoo" (around neck) {Faith Str+5}
   (You found it on level 10 of the Dungeon)

   [amulet of faith]

   Faith:     It allows you to gain divine favour quickly.
   Str+5:     It affects your strength (+5).
 X - a ring of poison resistance (right hand)
Wands
 y - a wand of charming (22)
 C - a wand of flame (21)
 V - a wand of polymorph (5)
 Z - a wand of mindburst (6)
Scrolls
 b - 2 scrolls of noise {unknown}
 d - 9 scrolls of identify {unknown}
 i - 4 scrolls of fog {unknown}
 m - 5 scrolls of revelation {unknown}
 o - 2 scrolls of vulnerability {unknown}
 p - 7 scrolls of teleportation {unknown}
 t - a scroll of fear {unknown}
 A - 2 scrolls of blinking {unknown}
 B - a scroll of amnesia {unknown}
 F - a scroll of silence {unknown}
 G - a scroll of enchant weapon {unknown}
 H - a scroll of immolation
 J - 2 scrolls of poison {unknown}
 S - a scroll of butterflies {unknown}
 U - 2 scrolls of enchant armour {unknown}
Potions
 c - 3 potions of invisibility
 e - a potion of degeneration {unknown}
 f - a potion of enlightenment {unknown}
 g - a potion of berserk rage {unknown}
 k - 5 potions of curing {unknown}
 q - a potion of heal wounds {unknown}
 r - a potion of attraction {unknown}
 s - 2 potions of brilliance {unknown}
 u - 3 potions of mutation {unknown}
 w - a potion of cancellation {unknown}
 z - 3 potions of lignification {unknown}
 E - 2 potions of resistance {unknown}
 I - 6 potions of haste {unknown}
 O - a potion of ambrosia {unknown}
 R - 3 potions of might {unknown}
 W - a potion of magic {unknown}
Miscellaneous
 L - a sack of spiders


   Skills:
 + Level 5.7 Fighting
 - Level 10.0 Short Blades
 - Level 0.2 Throwing
 + Level 10.0 Dodging
 - Level 15.0 Stealth
 - Level 6.0 Spellcasting
 + Level 13.5 Hexes
 - Level 4.0 Necromancy
 - Level 1.0 Ice Magic
 - Level 6.0 Evocations


You had 15 spell levels left.
You knew the following spells:

 Your Spells              Type           Power      Damage    Failure   Level
a - Ensorcelled Hibernat  Hex/Ice        76%        N/A       1%          2
b - Confusing Touch       Hex            60%        N/A       1%          3
c - Fugue of the Fallen   Necr           24%        N/A       5%          3

Your spell library contained the following spells:

 Spells                   Type           Power      Damage    Failure   Level
 Dazzling Flash           Conj/Hex       72%        N/A       1%          3
 Sigil of Binding         Hex            60%        N/A       1%          3
 Tukima's Dance           Hex            60%        N/A       1%          3
 Dimensional Bullseye     Hex/Tloc       18%        N/A       5%          4
 Magic Dart               Conj           24%        1d4       9%          1
 Searing Ray              Conj           12%        2d4       14%         2
 Static Discharge         Conj/Air       12%        3-4/arc   14%         2
 Call Canine Familiar     Summ           6%         N/A       26%         3
 Fulminant Prism          Conj/Alch      3%         3d5       65%         4
 Summon Lightning Spire   Summ/Air       6%         N/A       65%         4


Dungeon Overview and Level Annotations

Branches:
Dungeon (11/15)            Temple (1/1) D:5            Lair (4/5) D:9
  Swamp (0/4) Lair:2       Spider (0/4) Lair:2          Orc (2/2) D:11
  Slime: Lair:4-5       Elf: Orc:2

Altars:
Ashenzari
Cheibriados
Dithmenos
Elyvilon
Fedhas
Gozag
Hepliaklqana
Kikubaaqudgha
Makhleb
Nemelex Xobeh
Okawaru
Qazlal
Ru
Sif Muna
Trog
Uskayaw
Vehumet
Wu Jian
Xom
Yredelemnul
Zin
The Shining One

Shops:
D:5 :*   D:7 =   Orc:1 *   Orc:2 *=

Annotations:
D:10 Fannar
Lair:1 1 runed translucent door, SnakkuSnakku7's ghost, journeyman VSNe
Orc:1 3 runed translucent doors, SuperJoe's ghost, adept KoRe


Innate Abilities, Weirdness & Mutations

You are very small and have problems with some larger weapons.
You are too small for most types of armour.
You have supernaturally acute eyesight. (SInv)
You cover ground extremely quickly. (Speed+++)


Message History

You hit the elephant but do no damage.
The elephant is no longer distracted by gold.
The elephant is almost dead.
You completely miss the elephant.
The elephant is almost dead.
The elephant closely misses you.
The elephant trunk-slaps you but does no damage.
You hit the elephant.
You kill the elephant!
Magic restored.
There is a stone staircase leading up here.
The seven-headed hydra roars!
You climb upwards.
There is a stone staircase leading down here.
You start resting.
HP restored.
You climb downwards.
The seven-headed hydra closely misses you. x3
The seven-headed hydra bites you but does no damage.
The seven-headed hydra bites you! The seven-headed hydra misses you.
The seven-headed hydra completely misses you.
There is a stone staircase leading up, spattered with blood here.
Casting: Ensorcelled Hibernation (safe; 1% risk of failure)
Confirm with . or Enter, or press ? or * to list all spells.
Aiming: Ensorcelled Hibernation (safe; 1% risk of failure)
Press: ? - help, Shift-Dir - straight line, f - seven-headed hydra
Aim: a seven-headed hydra (chance to affect: 30%)
The seven-headed hydra easily resists.
The seven-headed hydra bites you! x3
* * * LOW HITPOINT WARNING * * *
The seven-headed hydra barely misses you.
The seven-headed hydra bites you.
* * * LOW HITPOINT WARNING * * *
The seven-headed hydra bites you!
* * * LOW HITPOINT WARNING * * *
The seven-headed hydra closely misses you.
The seven-headed hydra attacks as it pursues you!
The seven-headed hydra completely misses you.
The seven-headed hydra misses you. The seven-headed hydra bites you.
You die...
Your body crumbles into a pile of gold.

..
........................#
..
...P...................#.
..
...##...>..............##
.. . ##.................#
.. #..#............### ..
#...##..........# ..
#...#####.......# .
#.#..#######P##..# .
###.@...##### #### .
#...D.....####
#....<.....P.#
#.............###
##.##...........##
..#..#..........P#
.##.####..........### . .
#.#.#.#......P###
..#.#.#.#.........


You could see a seven-headed hydra.

Vanquished Creatures
  An ettin (Orc:1)
  A catoblepas (Lair:3)
  2 two-headed ogres
  A skyshark (Lair:4)
  A pharaoh ant (Lair:2)
  Lodul (D:10)
  An orc knight (Orc:2)
  An elephant (Lair:4)
  2 black mambas (Lair:3)
  A torpor snail (Lair:2)
  4 cane toads
  A rime drake (Lair:3)
  3 komodo dragons
  6 trolls
  Prince Ribbit (D:8)
  A hornet (D:11)
  A tarantella (Lair:2)
  A tyrant leech (Lair:2)
  A wraith (D:11)
  2 vampires
  3 wyverns
  27 yaks
  2 basilisks
  A steam dragon (D:9)
  3 swamp worms (Lair:2)
  A vampire mosquito (D:11)
  Edmund (D:6)
  An acid dragon (D:10)
  10 water moccasins
  7 orc warriors
  A sky beast (D:7)
  6 black bears
  An ice beast (D:5)
  8 ogres
  11 centaurs
  4 kobold brigands
  2 phantoms (D:6)
  6 bullfrogs
  A gnoll sergeant (D:3)
  2 scorpions
  4 wights (D:7)
  3 howler monkeys (D:10)
  An electric eel (D:8)
  2 bombardier beetles (D:4)
  6 hounds
  A gnoll bouda (D:9)
  7 orc priests
  2 jellies (D:6)
  3 iguanas
  6 orc wizards
  10 gnolls
  4 adders
  4 white imps
  2 ufetubi (D:6)
  A ribbon worm (D:4)
  41 orcs
  6 endoplasms
  5 giant cockroaches
  8 goblins
  5 hobgoblins
  7 jackals
  20 kobolds
  A quokka (D:1)
  8 ball pythons
  4 bats
  3 frilled lizards (D:1)
  3 rats
  A butterfly (D:10)
299 creatures vanquished.

Notes
Turn   | Place    | Note
-------+----------+-------------------------------------------
     0 | D:1      | monsoonserge the Spriggan Enchanter began the quest for the
                  | Orb.
     0 | D:1      | Reached XP level 1. HP: 9/9 MP: 5/5
   301 | D:1      | Reached XP level 2. HP: 13/13 MP: 6/6
   401 | D:1      | Learned a level 2 spell: Ensorcelled Hibernation
   515 | D:1      | Reached skill level 5 in Stealth
   940 | D:2      | Found a faded altar of an unknown god.
   989 | D:2      | Reached XP level 3. HP: 16/16 MP: 5/8
  1648 | D:2      | Reached XP level 4. HP: 17/21 MP: 0/9
  1652 | D:2      | Learned a level 3 spell: Confusing Touch
  2016 | D:3      | Reached skill level 1 in Ice Magic
  2103 | D:3      | Noticed a gnoll sergeant
  2119 | D:3      | Reached skill level 6 in Stealth
  2761 | D:3      | Reached skill level 7 in Stealth
  2761 | D:3      | Reached XP level 5. HP: 12/24 MP: 2/10
  2895 | D:3      | Reached skill level 8 in Stealth
  3043 | D:4      | Identified the +8 short sword "Beywaah" {elec, Dex+3}
  3147 | D:4      | Noticed a black bear
  3230 | D:4      | Reached XP level 6. HP: 28/28 MP: 11/11
  3693 | D:4      | Found a sacrificial altar of Ru.
  3707 | D:4      | Reached skill level 5 in Short Blades
  3707 | D:4      | Reached XP level 7. HP: 25/32 MP: 8/13
  3800 | D:4      | Reached skill level 1 in Evocations
  3965 | D:4      | Found a blossoming altar of Fedhas.
  3973 | D:4      | You fall into a shaft and drop 1 floor!
  3973 | D:5      | Entered Level 5 of the Dungeon
  4094 | D:5      | Found a white marble altar of Elyvilon.
  4137 | D:5      | Found a staircase to the Ecumenical Temple.
  4146 | Temple   | Entered the Ecumenical Temple
  4184 | Temple   | Became a worshipper of Gozag Ym Sagoz the Greedy
  4389 | D:5      | Found Ugelusuf's General Store.
  4502 | D:5      | Noticed a yak
  4551 | D:5      | Noticed a yak
  4551 | D:5      | Noticed a yak
  4554 | D:5      | Killed a yak
  4555 | D:5      | Reached skill level 1 in Fighting
  4555 | D:5      | Reached skill level 9 in Stealth
  4555 | D:5      | Reached skill level 5 in Hexes
  4556 | D:5      | Killed a yak
  4557 | D:5      | Reached XP level 8. HP: 37/37 MP: 10/15
  4559 | D:5      | Reached skill level 10 in Stealth
  4802 | D:5      | Found Peisotia's Self-Published Books.
  5306 | D:6      | Reached skill level 11 in Stealth
  6174 | D:6      | Noticed Edmund
  6182 | D:6      | Killed Edmund
  6183 | D:6      | Reached skill level 12 in Stealth
  6183 | D:6      | Reached XP level 9. HP: 42/42 MP: 16/16
  6629 | D:7      | Reached skill level 13 in Stealth
  6653 | D:7      | Found a glowing golden altar of the Shining One.
  6903 | D:7      | Reached skill level 5 in Dodging
  7050 | D:7      | Found Nof Uto's Jewellery Emporium.
  7284 | D:8      | Found a radiant altar of Vehumet.
  7287 | D:8      | Found a shimmering blue altar of Sif Muna.
  7588 | D:8      | Reached skill level 14 in Stealth
  7713 | D:8      | Found a bloodstained altar of Trog.
  7915 | D:8      | Noticed a two-headed ogre
  7925 | D:8      | Killed a two-headed ogre
  7926 | D:8      | Reached XP level 10. HP: 47/47 MP: 14/17
  8018 | D:8      | Noticed Prince Ribbit
  8020 | D:8      | Killed Prince Ribbit
  8623 | D:9      | Reached skill level 10 in Short Blades
  8623 | D:9      | Reached skill level 15 in Stealth
  8704 | D:9      | Found a staircase to the Lair.
  9528 | D:10     | Entered Level 10 of the Dungeon
  9581 | D:10     | Noticed Lodul
  9587 | D:10     | Killed Lodul
  9863 | D:10     | Found a shimmering altar of Xom.
  9951 | D:10     | Reached skill level 5 in Evocations
  9975 | D:10     | Noticed a two-headed ogre
  9983 | D:10     | Killed a two-headed ogre
  9992 | D:10     | Noticed Fannar
 10076 | D:10     | Got the Annotations on Charged Debased Deeds
 10081 | D:10     | Learned a level 3 spell: Fugue of the Fallen
 10234 | D:10     | Identified the amulet "Ykkedoo" {Faith Str+5}
 10603 | D:10     | Reached skill level 1 in Necromancy
 10823 | D:11     | Reached XP level 11. HP: 53/53 MP: 18/18
 11652 | D:11     | Found a staircase to the Orcish Mines.
 12464 | Orc:1    | Entered Level 1 of the Orcish Mines
 12464 | Orc:1    | Noticed an ettin
 12464 | Orc:1    | Found a runed translucent gate.
 12464 | Orc:1    | Found a runed translucent gate.
 12464 | Orc:1    | Found a runed translucent gate.
 12471 | Orc:1    | Found an opulent altar of Gozag.
 12471 | Orc:1    | Found Ihychosokh's Assorted Antiques.
 12478 | Orc:1    | Killed an ettin
 12494 | Orc:1    | Reached skill level 10 in Hexes
 12544 | Orc:1    | Noticed SuperJoe's ghost (adept KoRe)
 12590 | Orc:2    | Entered Level 2 of the Orcish Mines
 12590 | Orc:2    | Found Kodghuih's Jewellery Boutique.
 12594 | Orc:2    | Noticed an orc knight
 12603 | Orc:2    | Found Iklil's Assorted Antiques.
 12608 | Orc:2    | Killed an orc knight
 12879 | Lair:1   | Entered Level 1 of the Lair of Beasts
 12889 | Lair:1   | Found a runed translucent door.
 12889 | Lair:1   | Noticed SnakkuSnakku7's ghost (journeyman VSNe)
 13319 | Lair:1   | Reached skill level 5 in Fighting
 13886 | Lair:2   | Reached skill level 5 in Spellcasting
 13927 | Lair:2   | Found a hole to the Spider Nest.
 13927 | Lair:2   | Noticed a pharaoh ant
 13933 | Lair:2   | Reached XP level 12. HP: 60/60 MP: 17/20
 14104 | Lair:2   | Found a staircase to the Swamp.
 14622 | Lair:2   | Found a snail-covered altar of Cheibriados.
 15069 | Lair:3   | Found a glowing silver altar of Zin.
 15109 | Lair:3   | Noticed a catoblepas
 15112 | Lair:3   | Killed a catoblepas
 16122 | Lair:4   | Noticed a seven-headed hydra
 16128 | Lair:4   | Reached skill level 10 in Dodging
 16429 | Lair:4   | HP: 1/60 [seven-headed hydra (13)]
 16431 | Lair:4   | Slain by a seven-headed hydra

Illustrated notes

Levels and vault maps discovered:
D:1:      dpeg_arrival_lava_temple_mockup, layout_basic
D:2:      layout_basic, chequers_ecumenical_altar_island, minmay_strange_pillars
D:3:      layout_loops_ring, kennysheep_decorative_pillar
D:4:      layout_loops_ring, fedhas_altar_fruit_tree,
          nicolae_ru_sacrificial_ziggurat, grunt_ministairs_6
D:5:      layout_basic, nicolae_elyvilon_temple_path,
          minmay_temple_entry_large_hall, serial_shops, nicolae_shop_trees,
          nicolae_custom_books, grunt_decor_one_mirror
D:6:      layout_loops_ring, serial_library_hellmonk_h_bend, centaur_isle,
          uniq_edmund
D:7:      layout_loops_ring, tso_metal_star, minmay_shop_enchanted_jewellery
D:8:      layout_basic, kennysheep_little_box, nicolae_overflow_squiral,
          uniq_prince_ribbit1
D:9:      layout_stronghold, lair_entry_dummy
D:10:     layout_gridville, xom_butterflies, uniq_fannar, uniq_lodul
D:11:     layout_long_grid, orc_0_dummy, kennysheep_dice
Temple:   minmay_temple_curvy_branch
Lair:1:   layout_hall_layers, ebering_ghost_inner_flame
Lair:2:   layout_long_grid, minmay_swamp_entry_worms,
          nicolae_spider_entry_lesser_pyramids, minmay_hedge_maze,
          kennysheep_snail_temple
Lair:3:   layout_small_grid, basic_altar
Lair:4:   hangedman_what_comes_after_a, layout_cave_pods, slime_entry_1,
          lemuel_fruit_tree
Orc:1:    layout_diamond_mine, ebering_ghost_gozag
Orc:2:    st_orc_rangers, layout_caves, gammafunk_ghost_stat_death,
          serial_shops, nicolae_shop_overgrown_old_shop, nicolae_diamond_shop,
          shop_statue, nicolae_shop_temple_entry_statues_fountains,
          nicolae_shop_gaudy_bauble

Skill      XL: |  1  2  3  4  5  6  7  8  9 10 11 12 |
---------------+-------------------------------------+-----
Dodging        | 3 4 5 7 9 10 | 10.0
Hexes          | 4 5 8 11 13 | 13.5
Stealth        | 5 7 8 9 12 14 15 | 15.0
Spellcasting   | 3 4 5 6 |  6.0
Short Blades   | 2 3 5 6 8 9 10 | 10.0
Ice Magic      | 1 |  1.0
Evocations     | 2 5 6 |  6.0
Fighting       | 1 2 3 5 |  5.7
Necromancy     | 1 3 4 |  4.0
Throwing       | |  0.2

Action                     |  1- 3 |  4- 6 |  7- 9 | 10-12 || total
---------------------------+-------+-------+-------+-------++-------
  Melee: Dagger            |    78 |    59 |       |       ||   137
         Punch             |       |     1 |       |     4 ||     5
         Short sword       |       |    43 |   148 |   306 ||   497
  Throw: Dart              |       |       |       |     2 ||     2
   Cast: Ensorcelled Hiber |    13 |    23 |    26 |   105 ||   167
         Confusing Touch   |       |       |     3 |     4 ||     7
   Stab: Sleeping          |    14 |    13 |    30 |    90 ||   147
         Distracted        |     1 |     1 |       |     6 ||     8
         Confused          |       |       |     2 |     3 ||     5
 Armour: Robe              |    16 |    35 |    58 |    82 ||   191
  Dodge: Dodged            |    50 |    55 |   106 |   244 ||   455
